 Dungeon Crawl Stone Soup version 0.31-a0-868-g674d60d6f7 (webtiles) character file.

Game seed: 3643508261018338102

45242 lunkers the Brawler (level 15, -1/130 HPs)
             Began as a Meteoran Shapeshifter on Oct 10, 2023.
             Was the Champion of Okawaru.
             Succumbed to a sea snake's poison
             ... on level 1 of the Shoals on Oct 11, 2023.
             The game lasted 00:30:45 (8667 turns).

lunkers the Brawler (Meteoran Shapeshifter)         Turns: 8667, Time: 00:30:45

Health: -1/130     AC: 25    Str: 20    XL:     15   Next: 11%
Magic:  22/22      EV: 12    Int: 11    God:    Okawaru [******]
Gold:   1915       SH:  0    Dex: 19    Spells: 14/14 levels left

rFire   + .          .
                       - Unarmed
rCold   + . .        (shield currently unavailable)
rNeg    . . .        T - +9 chain mail of the Ageless Mice {rC+}
rPois   .            (no helmet)
rElec   .            G - +0 cloak {rCorr}
rCorr   +            n - +1 pair of gloves
SInv    .            M - +0 pair of boots
Will    .....        l - amulet of regeneration Stlth
                     S - +4 ring of slaying
HPRegen 1.21/turn    B - ring of protection from fire
MPRegen 0.18/turn

%: no passive effects
@: lethally poisoned (-1 -> -38), flux-form, weak-willed, glowing
A: glow, contaminating, sense surroundings 2, otherworldly, glowing, explore
regen
a: Begin Untransformation, Renounce Religion, Heroism, Finesse, Duel


You were on level 1 of the Shoals.
You worshipped Okawaru.
Okawaru was exalted by your worship.
You were something dangerously unstable.
You visited 4 branches of the dungeon, and saw 20 of its levels.
You also visited: Sewer.

You collected 1915 gold pieces.

Inventory:

Hand Weapons
 m - a +3 heavy morningstar
Missiles
 p - 7 curare-tipped darts
 w - 3 throwing nets
 R - 7 silver javelins
Armour
 n - a +1 pair of gloves (worn)
 x - a +1 cloak
 z - +0 steam dragon scales
 D - a +3 chain mail
 G - a +0 cloak of preservation (worn)
 M - a +0 pair of boots (worn)
 T - the +9 chain mail of the Ageless Mice (worn) {rC+}
   (Okawaru gifted it to you on level 1 of the Lair of Beasts)

   rC+:       It protects you from cold.
Jewellery
 i - a +6 ring of intelligence
 j - a +6 ring of dexterity
 l - an amulet of regeneration (around neck)
 u - a ring of ice
 y - a ring of see invisible
 B - a ring of protection from fire (right hand)
 I - a +6 ring of dexterity
 N - an amulet of the acrobat
 P - an amulet of faith
 S - a +4 ring of slaying (left hand)
Talismans
 c - a beast talisman
 d - a flux talisman (active)
 H - a blade talisman
Wands
 k - a wand of flame (29)
 q - a wand of mindburst (12)
 E - a wand of roots (12)
 J - a wand of light (19)
Scrolls
 e - 4 scrolls of vulnerability
 g - 2 scrolls of enchant armour
 h - a scroll of blinking
 t - a scroll of brand weapon
 v - 3 scrolls of fear
 X - 3 scrolls of teleportation
Potions
 b - 2 potions of haste
 f - 7 potions of curing
 o - 3 potions of mutation
 r - a potion of berserk rage
 s - 3 potions of invisibility
 A - 2 potions of heal wounds
 C - a potion of enlightenment
 L - 4 potions of brilliance
 Q - a potion of magic {unknown}
Miscellaneous
 F - a box of beasts


   Skills:
 + Level 11.3 Fighting
 + Level 8.2 Armour
 - Level 8.0 Dodging
 * Level 18.6 Unarmed Combat
 - Level 8.0 Invocations
 + Level 12.6 Shapeshifting


You had 14 spell levels left.
You didn't know any spells.
Your spell library contained the following spells:

 Spells                   Type           Power      Damage    Failure   Level
 Slow                     Hex            0%         N/A       91%         1
 Ensorcelled Hibernation  Hex/Ice        0%         N/A       97%         2
 Passwall                 Tmut/Erth      0%         N/A       97%         2
 Poisonous Vapours        Pois/Air       0%         N/A       97%         2
 Sublimation of Blood     Necr           0%         N/A       97%         2
 Wereblood                Tmut           0%         N/A       97%         2
 Mephitic Cloud           Conj/Pois/Air  0%         N/A       99%         3
 Swiftness                Air            0%         N/A       99%         3
 Cause Fear               Hex            0%         N/A       100%        4
 Olgreb's Toxic Radiance  Pois           0%         N/A       100%        4
 Passage of Golubria      Tloc           0%         N/A       100%        4
 Freezing Cloud           Conj/Ice/Air   0%         6-21      100%        5
 Yara's Violent Unravell  Hex/Tmut       0%         3d3       100%        5
 Enfeeble                 Hex            0%         N/A       100%        7
 Discord                  Hex            0%         N/A       100%        8
 Ignition                 Fire           0%         3d3       100%        8
 Lehudib's Crystal Spear  Conj/Erth      0%         10d2      100%        8
 Tukima's Dance           Hex            Unusable   N/A       N/A         3
 Summon Hydra             Summ           Unusable   N/A       N/A         7

Dungeon Overview and Level Annotations

Branches:
Dungeon (12/15) Zot: 1816  Temple (1/1) D:5 Zot: 551    Lair (5/5) D:11 Zot: 822
 Shoals (2/4) Lair:3 Zot: 863   Snake (0/4) Lair:3        Slime (0/5) Lair:5
    Orc (0/2) D:11          Sewer (visited)

Altars:
Ashenzari
Dithmenos
Elyvilon
Fedhas
Gozag
Kikubaaqudgha
Makhleb
Nemelex Xobeh
Okawaru
Qazlal
Ru
Sif Muna
Trog
Vehumet
Wu Jian
Xom
Yredelemnul
Zin
The Shining One
Jiyva

Shops:
D:4 *   D:6 *   Shoals:1 [!


Innate Abilities, Weirdness & Mutations

You are something dangerously unstable.
You glow with magical radiation, making you easy to see and hit.
Foes you strike become dangerously contaminated with magical radiation.
You are incapable of wielding weapons or throwing items.
You passively map the area around you.
You are easily found by Zot.
You glow in the dark.
You regain HP and MP as you explore.


Message History

Your unstable footing causes you to fumble your attack.
You carefully extract the barbed spikes from your body.
The faun casts a spell at you.
You easily resist.
Unknown command.
You pummel the faun!!
You kill the faun!
Okawaru accepts your kill.
You hear a splash. x2
Unknown command.
Your unstable footing causes you to fumble your attack.
The faun barely misses you.
Unknown command.
You punch the faun!
The faun begins to glow.
The faun is lightly wounded.
Unknown command.
You completely miss the faun.
The faun is lightly wounded.
The faun points at you and mumbles some strange words.
Your willpower is stripped away!
Unknown command.
You punch the faun!
The faun glows dangerously bright.
The faun is moderately wounded.
The faun barely misses you.
Unknown command.
You hit the faun.
The faun shudders as magic cascades through it!!!
You kill the faun!
Okawaru accepts your kill.
You hear a splash. x2
Unknown command.
A sea snake comes into view.
Found 19 gold pieces.
Things that are here:
a +0 spear; a +0 sling; a faun corpse The sea snake bites you!
* * * LOW HITPOINT WARNING * * *
You are lethally poisoned!
The sea snake poisons you!
You die...

~≈≈≈≈≈~.#..~~...≈≈≈≈~~.
~~
~≈≈≈~..##.~~~.....~.~..~
~ ~
≈≈≈~~.~≈.~~~..##...~~.~
~
≈≈≈≈~≈≈≈≈≈≈~......~~~~~~
~≈≈≈≈..~≈≈≈~........~~~~
~
≈≈≈≈~~≈≈≈≈.......~.~~~~~
~
~~~~.≈≈≈~~~..~~....~~~~~
~ ..~...~~~.~~~...~~~~~
~~ ####...~~~~~.p..~~~~~
~ *#..~~~~≈~~~S~~~~~≈
~~~ , *
..~~~~~~)))~~.~~~≈ ~ ~~
~.........~~~~~~≈≈ ~
...##...~~~~~~≈≈≈~ ~ ~ ,
,~..*#.~~~~≈≈≈≈≈≈≈ ~ *
#..~~~~≈≈≈≈≈≈≈ ~~ , *
#....~~~~≈≈≈≈≈≈ ~~ ,
,....~~~.~~≈≈≈≈≈ ~~


You could see a sea snake.

Vanquished Creatures
  A hydra (Lair:4)
  5 catoblepae
  A boulder beetle (Lair:4)
  7 death yaks (Lair:5)
  A two-headed ogre (D:12)
  2 skysharks
  3 sea snakes (Shoals:1)
  A lindwurm (Lair:3)
  2 harpies (Lair:3)
  A cyclops (D:11)
  4 fauns (Shoals:1)
  5 elephants (Lair:3)
  5 manticores
  2 black mambas
  2 merfolk sirens (Shoals:1)
  Maurice (D:8)
  A gargoyle (D:11)
  8 cane toads
  Maggie (D:7)
  Jeremiah (D:8)
  6 komodo dragons
  A rime drake (Lair:2)
  A troll (D:10)
  A wind drake (Shoals:1)
  4 merfolk (Shoals:1)
  2 polar bears
  A hornet (D:8)
  12 dream sheep
  8 blink frogs
  2 snapping turtles (Shoals:1)
  Grinder (Sewer)
  Prince Ribbit (D:7)
  38 yaks
  A shadow (D:11)
  A vampire (D:9)
  4 wyverns
  A wraith (D:11)
  A water elemental (Shoals:1)
  A basilisk (Lair:4)
  6 humans (D:11)
  A steam dragon (D:8)
  Menkaure (D:5)
  3 wargs (D:11)
  Edmund (D:11)
  A naga (Lair:3)
  An acid dragon (D:11)
  10 water moccasins
  An ice beast (D:4)
  A sky beast (D:6)
  17 wolves
  2 ogres
  4 centaurs
  2 phantoms
  2 kobold brigands (Sewer)
  8 bullfrogs
  6 necrophages
  A gnoll sergeant (D:9)
  2 scorpions
  3 wights (D:8)
  5 electric eels
  2 howler monkeys (D:7)
  3 hounds
  4 jellies
  Crazy Yiuf (D:5)
  5 orc priests
  A sleepcap (D:6)
  Ijyb (D:3)
  3 iguanas
  4 hell rats (Lair:4)
  6 orc wizards
  7 gnolls
  4 adders
  6 shadow imps
  A white imp (D:5)
  3 ufetubi
  6 worms
  4 dart slugs (D:1)
  8 orcs
  4 endoplasms
  5 giant cockroaches
  3 goblins
  6 hobgoblins
  10 jackals
  3 quokkas
  8 ball pythons
  8 bats
  2 frilled lizards
  25 kobolds
  A kobold zombie (Sewer)
  5 rats
368 creatures vanquished.

Notes
Turn   | Place    | Note
-------+----------+-------------------------------------------
     0 | D:1      | lunkers the Meteoran Shapeshifter began the quest for the
                  | Orb.
     0 | D:1      | Reached XP level 1. HP: 16/16 MP: 2/2
   128 | D:1      | Reached skill level 4 in Unarmed Combat
   128 | D:1      | Reached XP level 2. HP: 23/23 MP: 3/3
   233 | D:1      | Upgraded the game from 0.31-a0-865-g3d5d91748a to
                  | 0.31-a0-868-g674d60d6f7
   281 | D:1      | Reached XP level 3. HP: 27/28 MP: 4/4
   571 | D:2      | Reached XP level 4. HP: 35/35 MP: 5/5
   673 | D:3      | Reached skill level 5 in Unarmed Combat
   701 | D:3      | Found a stormy altar of Qazlal.
   846 | D:3      | Noticed Ijyb
   855 | D:3      | Killed Ijyb
   901 | D:3      | Reached XP level 5. HP: 38/40 MP: 6/6
   901 | D:3      | Found a glowing drain.
   934 | Sewer    | Entered a sewer
  1042 | Sewer    | Reached skill level 6 in Unarmed Combat
  1065 | Sewer    | Found an ancient bone altar of Kikubaaqudgha.
  1065 | Sewer    | Noticed a kobold brigand
  1082 | Sewer    | Killed a kobold brigand
  1083 | Sewer    | Reached skill level 5 in Shapeshifting
  1083 | Sewer    | Reached XP level 6. HP: 47/47 MP: 7/7
  1150 | Sewer    | Reached skill level 7 in Unarmed Combat
  1187 | Sewer    | Reached XP level 7. HP: 26/52 MP: 8/8
  1211 | Sewer    | Noticed Grinder
  1231 | Sewer    | Killed Grinder
  1232 | Sewer    | Reached skill level 8 in Unarmed Combat
  1464 | D:3      | Found an ornate altar of the Wu Jian Council.
  1579 | D:4      | HP: 1/46 [ogre/+0 giant spiked club (15)]
  1581 | D:4      | Reached XP level 8. HP: 3/59 MP: 9/9
  1598 | D:4      | Found a sparkling altar of Nemelex Xobeh.
  1659 | D:4      | Found Tiuwk's General Store.
  1806 | D:4      | Found an opulent altar of Gozag.
  1807 | D:4      | Found an opulent altar of Gozag.
  1816 | D:4      | Reached skill level 9 in Unarmed Combat
  1817 | D:4      | Found an opulent altar of Gozag.
  1830 | D:4      | Found an opulent altar of Gozag.
  2046 | D:5      | Entered Level 5 of the Dungeon
  2193 | D:5      | Found a staircase to the Ecumenical Temple.
  2208 | Temple   | Found a transporter.
  2208 | Temple   | Found a transporter.
  2208 | Temple   | Found a transporter.
  2208 | Temple   | Found a transporter.
  2208 | Temple   | Entered the Ecumenical Temple
  2224 | Temple   | Became a worshipper of Warmaster Okawaru
  2294 | D:5      | Noticed Menkaure
  2298 | D:5      | Killed Menkaure
  2299 | D:5      | Reached skill level 1 in Invocations
  2299 | D:5      | Gained mutation: You passively map the area around you.
                  | [Meteoran growth]
  2299 | D:5      | Reached XP level 9. HP: 46/69 MP: 10/10
  2607 | D:5      | Found a runed translucent door.
  2608 | D:5      | Noticed Crazy Yiuf
  2614 | D:5      | Killed Crazy Yiuf
  2694 | D:6      | Found a sacrificial altar of Ru.
  2851 | D:6      | Reached * piety under Okawaru
  2876 | D:6      | Reached skill level 10 in Unarmed Combat
  2927 | D:6      | Found Zet Tiu's Assorted Antiques.
  3497 | D:6      | Reached ** piety under Okawaru
  3607 | D:7      | Noticed Prince Ribbit
  3618 | D:7      | Killed Prince Ribbit
  3704 | D:7      | Reached XP level 10. HP: 73/80 MP: 13/13
  3798 | D:7      | Reached skill level 5 in Dodging
  3808 | D:7      | Noticed Maggie
  3822 | D:7      | Killed Maggie
  3823 | D:7      | Reached skill level 11 in Unarmed Combat
  3995 | D:8      | Found a radiant altar of Vehumet.
  4024 | D:8      | Reached *** piety under Okawaru
  4025 | D:8      | Reached skill level 5 in Fighting
  4066 | D:8      | Noticed Maurice
  4077 | D:8      | Maurice stole a box of beasts
  4078 | D:8      | Maurice stole a ring of see invisible
  4087 | D:8      | Killed Maurice
  4088 | D:8      | Reached skill level 5 in Invocations
  4160 | D:8      | Noticed Jeremiah
  4170 | D:8      | Killed Jeremiah
  4283 | D:9      | Reached skill level 12 in Unarmed Combat
  4372 | D:9      | Found a shimmering altar of Xom.
  4478 | D:9      | Reached **** piety under Okawaru
  4528 | D:9      | Found a basalt altar of Yredelemnul.
  4718 | D:10     | Entered Level 10 of the Dungeon
  4762 | D:10     | Reached XP level 11. HP: 89/89 MP: 16/16
  4888 | D:10     | Got a dusty book
  5347 | D:11     | Found a staircase to the Lair.
  5362 | D:11     | Reached ***** piety under Okawaru
  5442 | D:11     | Reached skill level 13 in Unarmed Combat
  5442 | D:11     | Found a staircase to the Orcish Mines.
  5668 | D:11     | Noticed Edmund
  5692 | D:11     | Killed Edmund
  5714 | D:11     | Received a gift from Okawaru
  5771 | D:11     | Noticed a cyclops
  5782 | D:11     | Killed a cyclops
  5887 | D:11     | Reached XP level 12. HP: 90/100 MP: 18/18
  5930 | D:12     | Noticed a two-headed ogre
  5939 | D:12     | Killed a two-headed ogre
  5986 | Lair:1   | Entered Level 1 of the Lair of Beasts
  6045 | Lair:1   | Reached skill level 14 in Unarmed Combat
  6073 | Lair:1   | Reached ****** piety under Okawaru
  6073 | Lair:1   | Received a gift from Okawaru
  6090 | Lair:1   | Acquired the +9 chain mail of the Ageless Mice {rC+}
  6090 | Lair:1   | Received a gift from Okawaru
  6102 | Lair:1   | Acquired a +2 heavy triple sword
  6102 | Lair:1   | Received a gift from Okawaru
  6154 | Lair:2   | Reached skill level 1 in Armour
  6345 | Lair:2   | Reached skill level 10 in Shapeshifting
  6464 | Lair:3   | Noticed a lindwurm
  6470 | Lair:3   | Killed a lindwurm
  6478 | Lair:3   | Received a gift from Okawaru
  6486 | Lair:3   | Reached skill level 15 in Unarmed Combat
  6558 | Lair:3   | Reached XP level 13. HP: 101/108 MP: 20/20
  6570 | Lair:3   | Found a staircase to the Snake Pit.
  6847 | Lair:3   | Found a staircase to the Shoals.
  6890 | Lair:3   | Received a gift from Okawaru
  6966 | Lair:4   | Noticed a seven-headed hydra
  6974 | Lair:4   | Killed a seven-headed hydra
  6982 | Lair:4   | Reached skill level 16 in Unarmed Combat
  7014 | Lair:4   | Reached skill level 5 in Armour
  7063 | Lair:4   | Received a gift from Okawaru
  7072 | Lair:4   | Noticed a boulder beetle
  7093 | Lair:4   | Killed a boulder beetle
  7262 | Lair:5   | Entered Level 5 of the Lair of Beasts
  7355 | Lair:5   | Noticed a catoblepas
  7364 | Lair:5   | Killed a catoblepas
  7374 | Lair:5   | Noticed a death yak
  7375 | Lair:5   | Noticed a death yak
  7377 | Lair:5   | Noticed a death yak
  7386 | Lair:5   | Reached skill level 10 in Fighting
  7390 | Lair:5   | Killed a death yak
  7391 | Lair:5   | Reached XP level 14. HP: 104/121 MP: 21/21
  7400 | Lair:5   | Reached skill level 17 in Unarmed Combat
  7424 | Lair:5   | Received a gift from Okawaru
  7702 | Lair:5   | Received a gift from Okawaru
  8047 | Lair:5   | Found a viscous altar of Jiyva.
  8053 | Lair:5   | Found a staircase to the Slime Pits.
  8196 | Lair:4   | Reached skill level 18 in Unarmed Combat
  8318 | Lair:3   | Identified a scroll of acquirement
  8318 | Lair:3   | Acquired 683 gold pieces
  8323 | Shoals:1 | Entered Level 1 of the Shoals
  8354 | Shoals:1 | Received a gift from Okawaru
  8520 | Shoals:1 | Found Noafih's Distillery.
  8555 | Shoals:1 | Found Jymemih's Antique Armour Shop.
  8566 | Shoals:1 | Reached XP level 15. HP: 117/130 MP: 22/22
  8667 | Shoals:1 | Succumbed to a sea snake's poison

Illustrated notes

Levels and vault maps discovered:
D:1:      nagdon_arrival_double_spiral, layout_loops_cross,
          dreamdust_ecumenical_altar_sealed_demon
D:2:      layout_loops_ring, chequers_arboretum, grunt_decor_fettered,
          minmay_quadrilaterals
D:3:      layout_rooms, nicolae_qazlal_general_emergency,
          nicolae_uskayaw_suspiria, mainiacjoe_overflow_24_doors,
          cheibrodos_sewer_entry_drain, minmay_misc_feat_iff, uniq_ijyb
D:4:      layout_basic, nemelex_diamond_rough_becter,
          nicolae_gozag_conspicuous_consumption, serial_shops, shop,
          minmay_fountain_box
D:5:      layout_basic, minmay_temple_entry_mini_moons, hex_intersection,
          nicolae_concentric_dashed_squares_mild, serial_park_tiny_pond,
          uniq_menkaure, uniq_crazy_yiuf_cottage
D:6:      layout_basic, nicolae_ru_great_annihilating_truth, minmay_liquid_box,
          kennysheep_diamond, uniq_pikel
D:7:      layout_basic, cheibriados_altar_1, uniq_prince_ribbit1, uniq_maggie
D:8:      layout_cave_pools, mainiacjoe_overflow_cross_hatched, uniq_maurice,
          uniq_jeremiah
D:9:      layout_cave_pools, regret_index_temple_of_mockery,
          mainiacjoe_overflow_tiny_flanked
D:10:     layout_irregular_city, serial_column_ruins, column_ruins_hut_pillars,
          column_ruins_grid_1, column_ruins_open_tiny,
          column_ruins_corridor_corner, column_ruins_open_large,
          column_ruins_columns_T
D:11:     erik_cavepeople, layout_cave_pools, erik_lair_orcish_takeover,
          palyth_stone_intersect
D:12:     layout_grid_maze, portal_ice_cave_entry_ice_simulacra, uniq_frances
Temple:   hellmonk_temple_divided_pantheon
Lair:1:   layout_gridlike, infiniplex_staircase_pool
Lair:2:   wander_river, layout_regular_city
Lair:3:   layout_cave_pods, nicolae_shoals_entry_roost,
          guppyfry_snake_entry_garden, serial_bayou_shore_a, lemuel_fruit_fields
Lair:4:   layout_misc_corridors, gammafunk_ghost_ooze,
          nicolae_quartered_pool_medium, hangedman_tree_tricks,
          roderic_carrion_pond, grunt_megastairs_5
Lair:5:   evilmike_catoblepas_cave, layout_loops_ring, dpeg_slime_entry_corner,
          serial_forest, infiniplex_forest_straight_3,
          infiniplex_forest_corner_1, infiniplex_forest_clump_long,
          infiniplex_forest_lined_corner, infiniplex_forest_clump_double,
          infiniplex_forest_lined_3_way, infiniplex_forest_diagonal,
          enter_volcano_2, serial_bayou_lake_a, lemuel_fruit_tree
Shoals:1: layout_shoals, serial_shops, shop, shop
Shoals:2: cheibrodos_shoals_epimethial_gifts, layout_shoals

Skill      XL: |  1  2  3  4  5  6  7  8  9 10 11 12 13 14 |
---------------+-------------------------------------------+-----
Unarmed Combat | 4 5 6 7 8 9 10 12 13 15 16 18 | 18.6
Shapeshifting  | 4 5 6 7 8 9 10 11 12 | 12.6
Fighting       | 3 4 5 7 8 10 11 | 11.3
Dodging        | 3 4 6 7 8 |  8.0
Invocations    | 1 3 6 7 8 |  8.0
Armour         | 3 6 8 |  8.2

Action                     |  1- 3 |  4- 6 |  7- 9 | 10-12 | 13-15 || total
---------------------------+-------+-------+-------+-------+-------++-------
  Melee: Unarmed           |    55 |   140 |   246 |   461 |   550 ||  1452
         Punch             |     2 |     4 |       |       |       ||     6
 Invoke: Receive Weapon    |       |       |       |     1 |       ||     1
         Receive Armour    |       |       |       |     1 |       ||     1
         Heroism           |       |       |       |       |     3 ||     3
  Evoke: Wand              |       |       |     6 |       |     3 ||     9
    Use: Potion            |       |     1 |       |       |       ||     1
         Scroll            |       |       |    11 |     2 |    10 ||    23
   Stab: Invisible         |       |       |     1 |       |       ||     1
         Paralysed         |       |       |     1 |       |       ||     1
         Petrified         |       |       |       |       |    16 ||    16
 Armour: Animal skin       |    27 |       |       |       |       ||    27
         Ring mail         |     3 |    93 |   137 |     5 |       ||   238
         Skin              |       |    21 |       |       |       ||    21
         Chain mail        |       |       |       |   338 |   635 ||   973
         Steam dragon scal |       |       |       |     7 |       ||     7
  Dodge: Dodged            |    25 |    79 |   134 |   245 |   341 ||   824
   Form: Flux              |       |       |     1 |     1 |       ||     2
         Blade             |       |       |       |     1 |       ||     1

Table legend: (Time is in decaauts)
 A = Elapsed time spent in this place.
 B = Non-inter-level travel time spent in this place.
 C = Inter-level travel time spent in this place.
 D = Time resting spent in this place.
 E = Time spent auto-exploring this place.
 F = Levels seen in this place.
 G = Mean time per level.
                   A        B        C        D        E       F      G
               +--------+--------+--------+--------+--------+-----+--------+
         Total |   8415 |   8081 |    334 |     34 |   4871 |  21 |  400.7 |
       Dungeon |   5383 |   5150 |    233 |      0 |   3816 |  12 |  448.6 |
        Temple |     48 |     48 |      0 |      0 |      0 |   1 |   48.0 |
          Lair |   2177 |   2076 |    101 |      0 |    867 |   5 |  435.4 |
        Shoals |    336 |    336 |      0 |      0 |      9 |   2 |  168.0 |
         Sewer |    469 |    469 |      0 |     34 |    177 |   1 |  469.0 |
               +--------+--------+--------+--------+--------+-----+--------+

Top non-repeatable levels by time:
     D:6: 850 daAuts
  Lair:5: 803 daAuts
    D:11: 653 daAuts
     D:5: 577 daAuts
    D:10: 555 daAuts
     D:4: 534 daAuts
  Lair:3: 511 daAuts
   Sewer: 469 daAuts
     D:9: 443 daAuts
  Lair:4: 403 daAuts
     D:1: 399 daAuts
     D:3: 380 daAuts
     D:8: 364 daAuts
     D:7: 340 daAuts
  Lair:2: 338 daAuts
